 Dungeon Crawl Stone Soup version 0.30-a0-793-g160f7cfddd (webtiles) character file.

Game seed: 2723988908560130052

336 Farfigtubin the Sneak (level 6, -6/38 HPs)
             Began as a Kobold Brigand on Feb 19, 2023.
             Mangled by an ice beast (7 damage)
             ... on level 6 of the Dungeon.
             The game lasted 00:06:51 (849 turns).

Farfigtubin the Sneak (Kobold Brigand)               Turns: 849, Time: 00:06:52

Health: -6/38      AC:  3    Str:  9    XL:     6   Next: 84%
Magic:  6/6        EV: 14    Int: 12    God:
Gold:   68         SH:  0    Dex: 18    Spells: 5/5 levels left

rFire   . . .      SeeInvis .    a - +2 dagger
rCold   . . .      Faith    .    (no shield)
rNeg    . . .      Spirit   .    b - +0 robe
rPois   .          Reflect  .    (no helmet)
rElec   .          Harm     .    c - +0 cloak
rCorr   .          Rampage  .    (no gloves)
Will    .....                    (no boots)
Stlth   +++++                    (no amulet)
HPRegen 0.26/turn                (no ring)
MPRegen 0.10/turn                (no ring)

@: no status effects
A: small, no large weapons, nightstalker 3
a: no special abilities


You were on level 6 of the Dungeon.
You visited 1 branch of the dungeon, and saw 6 of its levels.

You collected 68 gold pieces.

Inventory:

Hand Weapons
 a - a +2 dagger (weapon)
Missiles
 d - 9 poisoned darts (quivered)
 e - a curare-tipped dart
 i - 27 stones
Armour
 b - a +0 robe (worn)
 c - a +0 cloak (worn)
Jewellery
 k - an amulet of faith
Scrolls
 f - a scroll of poison {unknown}
 l - a scroll of identify {unknown}
 m - a scroll of immolation {unknown}
Potions
 g - a potion of degeneration {unknown}
 h - a potion of experience {unknown}
 j - a potion of heal wounds {unknown}


   Skills:
 + Level 4.1 Fighting
 * Level 6.3 Short Blades
 - Level 2.1 Throwing
 - Level 1.2 Dodging
 + Level 7.3 Stealth


You had 5 spell levels left.
You didn't know any spells.
Your spell library contained the following spells:

 Spells                   Type           Power      Damage    Failure   Level
 Apportation              Tloc           0%         N/A       32%         1
 Alistair's Intoxication  Tmut/Pois      0%         N/A       100%        5


Dungeon Overview and Level Annotations

Branches:
Dungeon (6/15)
 Temple: D:4-7

Altars:


Innate Abilities, Weirdness & Mutations

You are small and have problems with some larger weapons.
You are completely attuned to the shadows.


Message History

Aim: an ice beast (64% to hit)
Okay, then.
You hit the ice beast but do no damage. The ice beast barely misses you.
The ice beast attacks as you move away! The ice beast closely misses you.
The ice beast attacks as you move away!
The ice beast hits you but does no damage.
Found a stone staircase leading down.
The ice beast attacks as you move away! The ice beast barely misses you.
Throw: 3 darts (curare)
Press: ? - help, Shift-Dir - straight line, f - ice beast
Aim: an ice beast (64% to hit)
You throw a curare-tipped dart.
The curare-tipped dart completely misses the ice beast.
The ice beast barely misses you.
There is a stone staircase leading up here.
The ice beast attacks as you move away! The ice beast hits you.
The ice beast freezes you! The ice beast attacks as you move away!
The ice beast hits you. The ice beast freezes you!
Throw: 2 darts (curare)
Press: ? - help, Shift-Dir - straight line, f/p - ice beast
Aim: an ice beast (64% to hit)
You throw a curare-tipped dart.
The curare-tipped dart barely misses the ice beast.
The ice beast closely misses you. The ice beast attacks as you move away!
The ice beast hits you. The ice beast freezes you.
* * * LOW HITPOINT WARNING * * *
The ice beast attacks as you move away! The ice beast hits you.
* * * LOW HITPOINT WARNING * * *
The ice beast freezes you!
* * * LOW HITPOINT WARNING * * *
There is a stone staircase leading down here.
You see here a curare-tipped dart.
An ice beast is nearby!
The ice beast hits you but does no damage.
The ice beast hits you.
* * * LOW HITPOINT WARNING * * *
The ice beast freezes you!
You die...

#....#
#.#..#
#.##<# .
#.##.# ..
#.##.#
##.#.##.#
.....##.#
........###.
......Y@....
.#####.#####
#.# ..# ....


You could see an ice beast.

Vanquished Creatures
  Menkaure (D:4)
  An ice beast (D:6)
  A phantom (D:5)
  2 adders
  An ufetubus (D:5)
  2 worms
  A ball python (D:2)
  2 endoplasms (D:1)
  A giant cockroach (D:2)
  3 goblins
  2 hobgoblins
  A bat (D:2)
  2 frilled lizards
  2 rats (D:1)
22 creatures vanquished.

Notes
Turn   | Place    | Note
-------+----------+-------------------------------------------
     0 | D:1      | Farfigtubin the Kobold Brigand began the quest for the Orb.
     0 | D:1      | Reached XP level 1. HP: 12/12 MP: 1/1
   132 | D:1      | Reached XP level 2. HP: 14/18 MP: 2/2
   522 | D:3      | Reached skill level 6 in Stealth
   522 | D:3      | Reached XP level 3. HP: 22/22 MP: 3/3
   529 | D:4      | Noticed Menkaure
   531 | D:4      | Killed Menkaure
   532 | D:4      | Reached XP level 4. HP: 28/28 MP: 4/4
   532 | D:4      | Reached XP level 5. HP: 32/32 MP: 5/5
   658 | D:4      | Reached skill level 5 in Short Blades
   716 | D:5      | Entered Level 5 of the Dungeon
   795 | D:5      | Noticed a phantom
   799 | D:5      | Killed a phantom
   800 | D:5      | Reached skill level 7 in Stealth
   800 | D:5      | Reached XP level 6. HP: 38/38 MP: 6/6
   815 | D:6      | Noticed an ice beast
   816 | D:6      | Noticed an ice beast
   817 | D:6      | Killed an ice beast
   845 | D:6      | HP: 1/38 [ice beast (7)]
   849 | D:6      | Mangled by an ice beast

Illustrated notes

Levels and vault maps discovered:
D:1:      dpeg_arrival_orchard, layout_loops_cross, serial_forest,
          infiniplex_forest_clump_tiny, infiniplex_forest_clump_long,
          infiniplex_forest_lined_3, infiniplex_forest_lined_corner,
          infiniplex_forest_clump_medium, infiniplex_forest_zigzag_2,
          infiniplex_forest_clump_medium, hangedman_decor_push,
          amcnicky_mini_pool_small
D:2:      layout_rooms, serial_shops, shop_statue
D:3:      layout_basic, kennysheep_donut
D:4:      layout_basic, overflow_temple_1_default, kennysheep_generic_room_9,
          uniq_sigmund, uniq_menkaure, uniq_pikel
D:5:      layout_cave_pools, enter_ossuary_3
D:6:      layout_basic, grunt_temple_overflow_open, xom_redecorated,
          minmay_temple_entry_offerings, serial_demonic, serial_demonic_a,
          serial_demonic_d, serial_demonic_g, serial_demonic_e

Skill      XL: |  1  2  3  4  5  6 |
---------------+-------------------+-----
Short Blades   | 3 4 5 6 |  6.3
Stealth        | 6 7 |  7.3
Fighting       | 3 4 |  4.1
Throwing       | |  2.1
Dodging        | |  1.2

Action                     |  1- 3 |  4- 6 || total
---------------------------+-------+-------++-------
  Melee: Dagger            |    29 |    21 ||    50
  Throw: Dart              |     6 |     2 ||     8
   Stab: Sleeping          |     7 |     4 ||    11
         Distracted        |       |     1 ||     1
 Armour: Robe              |     3 |     2 ||     5
  Dodge: Dodged            |     6 |    19 ||    25

Table legend: (Time is in decaauts)
 A = Elapsed time spent in this place.
 B = Non-inter-level travel time spent in this place.
 C = Inter-level travel time spent in this place.
 D = Time resting spent in this place.
 E = Time spent auto-exploring this place.
 F = Levels seen in this place.
 G = Mean time per level.
                   A        B        C        D        E       F      G
               +--------+--------+--------+--------+--------+-----+--------+
         Total |    838 |    838 |      0 |    100 |     11 |   6 |  139.7 |
       Dungeon |    838 |    838 |      0 |    100 |     11 |   6 |  139.7 |
               +--------+--------+--------+--------+--------+-----+--------+

Top non-repeatable levels by time:
     D:2: 290 daAuts
     D:1: 224 daAuts
     D:4: 195 daAuts
     D:5: 83 daAuts
     D:6: 35 daAuts
     D:3: 9 daAuts
